 Dungeon Crawl Stone Soup version 0.30.1-3-gfc49f6343a (webtiles) character file.

Game seed: 9773421301482695570

1091 Fodor the Covered (level 8, -7/68 HPs)
             Began as a Minotaur Fighter on July 25, 2023.
             Mangled by a two-headed ogre
             ... wielding a +0 giant spiked club
              (16 damage)
             ... on level 6 of the Dungeon.
             The game lasted 00:24:36 (4615 turns).

Fodor the Covered (Minotaur Fighter)                Turns: 4615, Time: 00:24:37

Health: -7/68      AC: 11    Str: 23    XL:     8   Next: 9%
Magic:  0/7        EV:  9    Int:  5    God:
Gold:   217        SH:  5    Dex: 10    Spells: 7/7 levels left

rFire   x . .        y - +1 hand axe "Otzeh" {heavy, rElec Will+ Stlth+}
rCold   + . .        c - +0 buckler
rNeg    . . .        u - +0 chain mail
rPois   .            (helmet restricted)
rElec   +            (no cloak)
rCorr   .            (no gloves)
SInv    .            f - +0 pair of boots
Will    +....        A - amulet of guardian spirit Stlth
                     e - ring of ice
HPRegen 0.31/turn    (no ring)
MPRegen 0.10/turn

%: guardian spirit
@: weakened
A: horns 2, retaliatory headbutt
a: no special abilities


You were on level 6 of the Dungeon.
You visited 1 branch of the dungeon, and saw 6 of its levels.

You collected 241 gold pieces.
You spent 24 gold pieces at shops.

Inventory:

Hand Weapons
 p - a +0 great sword
 v - a +1 flail of protection
 x - a +3 flail of draining
 y - the +1 hand axe "Otzeh" (weapon) {heavy, rElec Will+ Stlth+}
   (You found it on level 4 of the Dungeon)

   rElec:     It insulates you from electricity.
   Will:      It increases your willpower.
   Stlth:     It makes you more stealthy.
 B - a +1 shortbow of draining
Missiles
 l - 2 javelins (quivered)
 F - 3 poisoned darts
Armour
 c - a +0 buckler (worn)
 f - a +0 pair of boots (worn)
 u - a +0 chain mail (worn)
Jewellery
 e - a ring of ice (left hand)
 A - an amulet of guardian spirit (around neck)
Wands
 b - a wand of paralysis (6)
 D - a wand of polymorph (5)
Scrolls
 g - a scroll of torment
 j - 2 scrolls of teleportation
 k - a scroll of butterflies
 m - 2 scrolls of blinking
 q - a scroll of immolation
 s - a scroll of magic mapping
 C - a scroll of noise
 E - a scroll of vulnerability
Potions
 d - a potion of might
 h - 2 potions of degeneration {unknown}
 i - 2 potions of curing
 n - 3 potions of mutation
 o - 4 potions of flight
 r - 2 potions of heal wounds {unknown}
 t - a potion of invisibility {unknown}
 w - a potion of resistance {unknown}
 z - a potion of lignification {unknown}


   Skills:
 + Level 5.0 Fighting
 + Level 5.8 Long Blades
 + Level 3.1(3.6) Axes
 + Level 2.6(3.3) Maces & Flails
 + Level 0.6 Throwing
 + Level 7.1 Armour
 + Level 2.3 Dodging
 + Level 0.4 Stealth
 + Level 5.6 Shields


You had 7 spell levels left.
You didn't know any spells.
Your spell library contained the following spells:

 Spells                   Type           Power      Damage    Failure   Level
 Apportation              Tloc           0%         N/A       97%         1
 Necrotise                Necr           0%         1d4       97%         1
 Sandblast                Erth           0%         2d4       97%         1
 Summon Small Mammal      Summ           0%         N/A       97%         1
 Cigotuvi's Dreadful Rot  Necr/Pois/Air  0%         N/A       99%         2
 Lesser Beckoning         Tloc           0%         N/A       99%         2
 Passwall                 Tmut/Erth      0%         N/A       99%         2
 Gell's Gravitas          Tloc           0%         N/A       100%        3
 Ignite Poison            Fire/Tmut/Pois 0%         N/A       100%        3
 Stone Arrow              Conj/Erth      0%         3d7       100%        3
 Teleport Other           Tloc           0%         N/A       100%        3
 Tukima's Dance           Hex            0%         N/A       100%        3
 Passage of Golubria      Tloc           0%         N/A       100%        4
 Freezing Cloud           Conj/Ice/Air   0%         6-21      100%        5
 Silence                  Hex/Air        0%         N/A       100%        5
 Yara's Violent Unravell  Hex/Tmut       0%         3d3       100%        5
 Dispersal                Tloc           0%         N/A       100%        6
 Lehudib's Crystal Spear  Conj/Erth      0%         10d2      100%        8
 Chain Lightning          Conj/Air       0%         N/A       100%        9
 Fire Storm               Conj/Fire      0%         5d1       100%        9
 Shatter                  Erth           0%         3d5*      100%        9


Dungeon Overview and Level Annotations

Branches:
Dungeon (6/15)
 Temple: D:4-7

Altars:
Wu Jian

Shops:
D:5 :   D:6 *


Innate Abilities, Weirdness & Mutations

You have a pair of horns on your head.
You reflexively headbutt those who attack you in melee.


Message History

The gnoll bouda barely misses you.
You barely miss the gnoll bouda.
The gnoll bouda is lightly wounded.
Your attacks no longer feel as feeble.
You completely miss the two-headed ogre.
You slash the gnoll bouda! The two-headed ogre barely misses you.
You furiously retaliate!
You headbutt the two-headed ogre!
The two-headed ogre hits you with a +0 giant spiked club!
The gnoll bouda hits you but does no damage.
A bullfrog comes into view.
The gnoll bouda hits you with a +0 whip.
The bullfrog croaks.
You slash the two-headed ogre!
The two-headed ogre is heavily wounded.
You closely miss the gnoll bouda.
The two-headed ogre hits you with a +0 giant spiked club!
The two-headed ogre barely misses you.
The gnoll bouda gazes fiercely through you!
You feel your attacks grow feeble. You block the gnoll bouda's attack.
The gnoll bouda barely misses you.
The two-headed ogre hits you with a +0 giant spiked club! x2
You hit the two-headed ogre. You headbutt the two-headed ogre.
The two-headed ogre is severely wounded.
You hit the gnoll bouda but do no damage.
The bullfrog snags a nearby fly with its tongue.
The gnoll bouda mumbles some strange prayers to its god.
The gnoll bouda is healed somewhat.
The two-headed ogre hits you with a +0 giant spiked club.
The two-headed ogre hits you with a +0 giant spiked club!
* * * LOW HITPOINT WARNING * * *
You hit the two-headed ogre but do no damage.
You headbutt the two-headed ogre.
The two-headed ogre is severely wounded.
You hit the gnoll bouda but do no damage.
The gnoll bouda gazes fiercely through you!
You feel as though you will be weak longer.
The gnoll bouda barely misses you.
The gnoll bouda hits you but does no damage.
The two-headed ogre hits you with a +0 giant spiked club!
You die...

#.## .# #.. ..#
#.. ## ...# ...
.. #..# #.# .#
##..# #F##..#
....##Og...#
######!.#@#
../.....?.###.#
..............#
.....##.#######
.....##.# ..
..##.# #.##.#
#.##.# ###
###.##.#


You could see a two-headed ogre, a bullfrog and a gnoll bouda.

Vanquished Creatures
  Edmund (D:4)
  A phantom (D:5)
  2 centaurs
  A kobold brigand (D:4)
  2 scorpions
  4 orc priests
  A hound (D:3)
  A jelly (D:5)
  Jessica (D:2)
  3 iguanas
  4 orc wizards (D:5)
  A gnoll (D:1)
  9 adders
  A shadow imp (D:5)
  3 dart slugs
  10 orcs
  11 endoplasms
  7 goblins
  7 hobgoblins
  4 jackals (D:2)
  6 quokkas
  4 ball pythons
  5 bats
  4 frilled lizards (D:2)
  6 kobolds
  4 rats
103 creatures vanquished.

Notes
Turn   | Place    | Note
-------+----------+-------------------------------------------
     0 | D:1      | Fodor the Minotaur Fighter began the quest for the Orb.
     0 | D:1      | Reached XP level 1. HP: 19/19 MP: 0/0
    95 | D:1      | Reached XP level 2. HP: 14/27 MP: 1/1
   378 | D:1      | Reached skill level 4 in Armour
   587 | D:1      | Reached XP level 3. HP: 33/33 MP: 2/2
  1313 | D:2      | Noticed Jessica
  1324 | D:2      | Killed Jessica
  1325 | D:2      | Reached XP level 4. HP: 40/40 MP: 3/3
  1342 | D:2      | Found a faded altar of an unknown god.
  2215 | D:3      | Reached skill level 5 in Armour
  2215 | D:3      | Reached XP level 5. HP: 41/46 MP: 4/4
  2644 | D:4      | Noticed a centaur
  2674 | D:4      | Killed a centaur
  2675 | D:4      | Reached skill level 5 in Long Blades
  2675 | D:4      | Reached skill level 1 in Dodging
  2675 | D:4      | Reached XP level 6. HP: 30/53 MP: 5/5
  2689 | D:4      | Reached skill level 5 in Shields
  2865 | D:4      | Noticed Edmund
  2876 | D:4      | Killed Edmund
  3353 | D:4      | Reached XP level 7. HP: 13/60 MP: 6/6
  3505 | D:4      | Identified the +1 hand axe "Otzeh" {heavy, rElec Will+
                  | Stlth+}
  3609 | D:4      | Reached skill level 1 in Maces & Flails
  3654 | D:5      | Entered Level 5 of the Dungeon
  3677 | D:5      | Reached skill level 1 in Axes
  3879 | D:5      | Found an ornate altar of the Wu Jian Council.
  3903 | D:5      | Reached skill level 6 in Armour
  4096 | D:5      | Reached skill level 5 in Fighting
  4314 | D:5      | Identified the +0 robe of Rashefiu {rPois Will+ Int+2}
  4334 | D:5      | Reached XP level 8. HP: 54/68 MP: 5/7
  4476 | D:5      | Found Nyogas's Tremendous Tomes.
  4486 | D:5      | Reached skill level 7 in Armour
  4545 | D:6      | Found Qiofutogi's General Store.
  4548 | D:6      | Bought a scroll of identify for 24 gold pieces
  4609 | D:6      | Noticed a two-headed ogre
  4615 | D:6      | Mangled by a two-headed ogre

Illustrated notes

Levels and vault maps discovered:
D:1:      psy_arrival_conway, layout_basic, dk_noncrumbling_2
D:2:      minmay_skewed_foursquare, layout_loops_corners,
          shapermc_ecumenical_altar_mp_urbaneastern, uniq_jessica
D:3:      layout_basic, kennysheep_generic_room_14
D:4:      layout_loops_ring, uniq_edmund
D:5:      layout_cave_pools, mainiacjoe_overflow_brackets,
          nicolae_shop_i_like_big_books
D:6:      layout_basic, general_overflow_altar,
          minmay_overflow_temple_star_quad, nicolae_tso_besieged_by_evil,
          trog_butcher_becter, serial_shops, nicolae_shop_back_alley_shop,
          kennysheep_mini, serial_corexii_hall, corexii_hall_statues_s,
          chequers_hall_statues_corner_a, minmay_manual_mandibuliform

Skill      XL: |  1  2  3  4  5  6  7  8 |
---------------+-------------------------+-----
Long Blades    | 3 4 5 |  5.8
Armour         | 4 5 6 7 |  7.1
Shields        | 4 5 |  5.6
Fighting       | 4 5 |  5.0
Dodging        | 1 2 |  2.3
Maces & Flails | 2 |  2.6
Axes           | 3 |  3.1
Throwing       | |  0.6
Stealth        | |  0.4

Action                     |  1- 3 |  4- 6 |  7- 9 || total
---------------------------+-------+-------+-------++-------
  Melee: Long sword        |    77 |    94 |       ||   171
         Headbutt          |    10 |    20 |    11 ||    41
         Flail             |       |    35 |     4 ||    39
         Hand axe          |       |       |    65 ||    65
  Throw: Javelin           |       |     3 |     2 ||     5
  Evoke: Wand              |       |     1 |       ||     1
    Use: Scroll            |       |     7 |     2 ||     9
         Potion            |       |     1 |     1 ||     2
 Armour: Scale mail        |    44 |    34 |       ||    78
         Chain mail        |       |    55 |    74 ||   129
  Dodge: Dodged            |    57 |    50 |    57 ||   164
  Block: Buckler           |    25 |    36 |    24 ||    85
